 Dungeon Crawl Stone Soup version 0.18.1-48-g4cf74bf (webtiles) character file.

161590 Gargoyl the Tortoise (level 17, -7/175 HPs)
             Began as a Demonspawn Abyssal Knight on June 24, 2016.
             Was the Champion of Lugonu.
             Killed from afar by Mara (illusionary) (15 damage)
             ... with a bolt of fire
             ... on level 3 of the Snake Pit.
             The game lasted 01:36:23 (42149 turns).

Gargoyl the Tortoise (Demonspawn Abyssal Knight)   Turns: 42149, Time: 01:36:24

Health: -7/175     AC: 30    Str: 23    XL:     17   Next: 20%
Magic:  0/19       EV: 14    Int: 13    God:    Lugonu [******]
Gold:   1418       SH: 19    Dex: 13    Spells: 0 memorised, 16 levels left

rFire  + . .     SeeInvis .     k - +2 war axe (elec)
rCold  + + .     Gourm    .     X - +0 plate armour {rC+}
rNeg   . . .     Faith    .     z - +3 shield {reflect}
rPois  +         Spirit   +     (helmet unavailable)
rElec  +         Dismiss  .     C - +2 cloak
rCorr  .         Reflect  +     J - +2 pair of gloves {Str+3}
SustAt .         Harm     .     e - +0 pair of boots
MR     +....     Clarity  +     b - +2 amulet of reflection
Stlth  ..........               o - +5 ring of evasion
                                Y - ring of poison resistance

@: very slightly contaminated, somewhat resistant to hostile enchantments,
extremely unstealthy
A: horns 3, molten scales 3, berserk 1, clarity, cold resistance 1, low mp 1,
nightstalker 1, sense surroundings 1, robust 3, electricity resistance, wild
magic 1, magic shield, magic regeneration
a: Depart the Abyss, Bend Space, Banish, Corrupt, Enter the Abyss, Brand Weapon
With Distortion, Renounce Religion


You were on level 3 of the Snake Pit.
You worshipped Lugonu.
Lugonu was exalted by your worship.
You were hungry.

You visited 4 branches of the dungeon, and saw 28 of its levels.
You visited the Abyss 1 time.

You collected 3618 gold pieces.
You spent 2200 gold pieces at shops.

Inventory:

Hand Weapons
 d - a +4 war axe of freezing
 k - a +2 war axe of electrocution (weapon)
 w - the +5 rapier of Roigamal {speed, rN+ Int-2 Dex+9}
   (You found it on level 5 of the Lair of Beasts)

   Attacks with this weapon are significantly faster.
   It affects your intelligence (-2).
   It affects your dexterity (+9).
   It protects you from negative energy.
 V - a +0 broad axe
Missiles
 v - 24 tomahawks (quivered)
Armour
 e - a +0 pair of boots (worn)
 z - a +3 shield of reflection (worn)
 C - a +2 cloak (worn)
 J - a +2 pair of gloves of strength (worn)
 X - a +0 plate armour of cold resistance (worn)
Jewellery
 a - an uncursed ring of see invisible
 b - a +2 amulet of reflection (around neck)
 m - an uncursed ring of protection from magic
 o - a +5 ring of evasion (right hand)
 y - an uncursed ring of protection from magic
 I - an uncursed ring of protection from fire
 M - an uncursed ring of flight
 Q - an uncursed ring of positive energy
 Y - a ring of poison resistance (left hand)
 Z - an uncursed ring of magical power
Wands
 x - a wand of disintegration (12/24)
 H - a wand of lightning (14/15)
 K - a wand of digging (8/24)
Scrolls
 h - 9 scrolls of remove curse
 j - a scroll of fear
 r - a scroll of summoning
 t - a scroll of recharging
 u - 7 scrolls of fog
 D - 9 scrolls of teleportation
 N - 2 scrolls of identify
 O - 3 scrolls of enchant armour
 U - 5 scrolls of blinking
Potions
 f - a potion of magic
 g - 4 potions of curing
 i - 4 potions of flight
 l - 2 potions of ambrosia
 n - a potion of invisibility
 p - a potion of cure mutation
 s - a potion of brilliance
 A - 3 potions of cancellation
 S - 2 potions of resistance
 W - a potion of mutation
Miscellaneous
 L - a legendary deck of defence
Comestibles
 c - 6 bread rations
 q - 13 meat rations


   Skills:
 + Level 12.9 Fighting
 + Level 13.7 Axes
 * Level 15.6 Armour
 + Level 6.6 Dodging
 + Level 1.6 Stealth
 + Level 14.2 Shields
 + Level 6.4 Invocations


You had 16 spell levels left.
You didn't know any spells.

Dungeon Overview and Level Annotations

Branches:
Dungeon (15/15)            Temple (0/1) D:7            Lair (8/8) D:9
  Swamp (0/4) Lair:4        Snake (3/4) Lair:6        Slime (0/6) Lair:8
    Orc (2/2) D:9             Elf (0/3) Orc:2        Vaults (0/5) D:13
 Depths (0/5) D:15

Altars:
Ashenzari
Cheibriados
Dithmenos
Elyvilon
Fedhas
Gozag
Kikubaaqudgha
Makhleb
Okawaru
Pakellas
Ru
Sif Muna
Trog
Vehumet
Zin

Shops:
D:8 !   D:10 ?   D:11 *   D:13 }   Orc:1 [   Orc:2 =*%%   Snake:1 ***(

Portals:
Trove: D:10 (give +4 shadow dragon armour)

Annotations:
Snake:3 Mara


Innate Abilities, Weirdness & Mutations

You have a pair of large horns on your head.
You are completely covered in molten scales (AC +4, EV -1, rF+).
You are slightly more attuned to the shadows.
You are extremely robust (+30% HP).
When hurt, damage is shared between your health and your magic reserves.
You regenerate magic rapidly.
You tend to lose your temper in combat.
You possess an exceptional clarity of mind.
Your flesh is cold resistant.
Your magical capacity is low (-10% MP).
You passively map a small area around you.
You are resistant to electric shocks.
Your spells are a little harder to cast, but a little more powerful.


Message History

You are very lightly contaminated with residual magic.
As you read the scroll of blinking, it crumbles to dust.
A salamander comes into view. It is wielding an enchanted trident.
Mara gestures at you. The bolt of fire hits you! You resist.
* * * LOW HITPOINT WARNING * * *
Drink which item? (? for menu, Esc to quit)
You feel much better. Mara gestures at you. Pain shoots through your body!
* * * LOW HITPOINT WARNING * * *
You block the salamander's attack.
Mara blinks!
You block the salamander's attack.
The salamander hits you from afar with an enchanted trident!
* * * LOW HITPOINT WARNING * * *
You are engulfed in flames!
You resist.
* * * LOW HITPOINT WARNING * * *
Mara gestures at you. The bolt of fire hits you! You resist.
You die...

.......####.##..#......###.#
......###.........###### #.#
..........#####..##### #.#
.......#### #.RR.RR## ##.#
........# ##.###..###..#
........########.# ##.@.#.###
..............N..# ###.....#
......##.>.[.....# #.....#
.....###.......[@######.....#
#####*##(...)[...<...##.....#
,, #.........####.##.....# *
........)..## #.##$....# *
..#....[....###.##.....#
.##..............#.....#
#........####..#.....#
####.##### #..#.....# #.., ,
#######


You could see 2 Maras and a salamander.

Vanquished Creatures
  Vashnia (Snake:3)
  Nikola (Snake:2)
  The ghost of Kloppie the Severer, an adept MiBe of Trog (Snake:2)
  6 greater nagas
  Donald (Orc:2)
  Wiglaf (Snake:2)
  Aizul (Snake:2)
  An orc warlord (Orc:2)
  The ghost of Caphalor the Martial Artist, a journeyman DsMo (Lair:5)
  Josephine (D:15)
  8 naga warriors
  4 centaur warriors
  A catoblepas (Lair:8)
  4 ogre magi
  10 anacondas
  7 naga sharpshooters
  An orc high priest (Orc:2)
  A hell knight (D:15)
  A deep elf knight (Orc:2)
  3 shock serpents
  A fire crab (shapeshifter) (D:13)
  6 skeletal warriors
  2 deep trolls
  6 unseen horrors
  11 wizards
  A giant orange brain (shapeshifter) (D:15)
  A giant orange brain (D:13)
  5 naga ritualists
  2 lindwurms (Lair:8)
  8 hill giants
  An orc knight (Orc:1)
  A wolf spider zombie (D:13)
  An orc sorcerer (Orc:2)
  A faun (shapeshifter) (D:13)
  7 mana vipers
  2 griffons
  8 deep elf magi
  4 salamanders (Snake:2)
  3 ugly things
  A wolf spider (Lair:8)
  7 cyclopes
  Joseph (D:9)
  2 hornets (Lair:8)
  A centaur zombie (D:15)
  12 elephants
  The ghost of Zeloya the Slicer, a novice KoAr (D:5)
  13 naga magi
  2 guardian serpents
  2 molten gargoyles (Lair:3)
  30 black mambas
  12 spiny frogs
  5 torpor snails
  8 komodo dragons
  3 kobold demonologists (D:15)
  A rime drake (shapeshifter) (D:13)
  3 rime drakes
  An efreet (D:15)
  A tengu conjurer (D:15)
  A queen bee (D:8)
  6 giant leeches (Lair:8)
  15 trolls
  7 two-headed ogres
  Prince Ribbit (D:9)
  A wind drake (shapeshifter) (D:15)
  8 blink frogs
  5 slime creatures (D:12)
  2 shadows
  7 wyverns
  A water elemental (D:11)
  7 wraiths
  27 yaks
  A basilisk (Lair:5)
  2 steam dragons
  2 vampires
  4 hungry ghosts
  A basilisk (shapeshifter) (D:13)
  5 vampire mosquitoes
  6 hippogriffs
  4 wargs
  4 insubstantial wisps (Lair:4)
  27 nagas
  16 water moccasins
  A soldier ant (D:15)
  14 porcupines
  2 black bears
  2 sky beasts
  10 wasps
  6 ice beasts
  14 orc warriors
  3 phantoms
  34 ogres
  An eye of draining (D:11)
  22 wolves
  13 centaurs
  13 crocodiles
  7 big kobolds
  A wyvern zombie (D:13)
  19 giant frogs
  4 scorpions
  13 killer bees
  26 wights
  2 electric eels (Lair:3)
  4 howler monkeys
  3 giant frog zombies
  5 lava snakes (Lair:3)
  8 crimson imps
  3 hounds
  7 jellies
  3 quasits
  8 centaur skeletons
  13 orc priests
  A wasp zombie (D:13)
  6 giant frog skeletons
  10 iguanas
  18 orc wizards
  12 worker ants
  15 hell rats
  A killer bee zombie (D:10)
  15 sheep
  2 hound zombies (D:8)
  3 hound skeletons
  3 gnolls (D:11)
  46 river rats
  22 adders
  An adder (shapeshifter) (D:13)
  3 shadow imps
  5 oozes
  An adder zombie (D:9)
  An adder skeleton (D:7)
  20 worms
  4 dart slugs
  3 giant geckos
  65 orcs
  3 giant cockroaches
  11 goblins
  6 hobgoblins
  18 jackals
  3 quokkas
  6 bats
  11 giant newts
  40 kobolds
  A quokka skeleton (D:9)
  18 rats
  2 butterflies (D:7)
  7 fungi
1036 creatures vanquished.

Vanquished Creatures (others)
  An ice dragon (Lair:8)
  4 hydras
  4 centaur warriors
  A cyclops (D:14)
  A black mamba (Lair:8)
  A yak (D:13)
  2 hungry ghosts
  A wasp (D:5)
  3 centaurs
  An adder (Lair:8)
  22 fungi
  49 plants
90 creatures vanquished.

Grand Total: 1126 creatures vanquished

Notes
Turn   | Place    | Note
--------------------------------------------------------------
     0 | Abyss:1  | Gargoyl the Demonspawn Abyssal Knight began the quest for the Orb.
     0 | Abyss:1  | Reached XP level 1. HP: 18/18 MP: 2/2
    77 | Abyss:2  | Noticed a quasit
   116 | Abyss:3  | Noticed a white draconian monk
   133 | Abyss:4  | Noticed a starcursed mass
   134 | D:1      | Escaped the Abyss
   237 | D:1      | Reached skill level 1 in Dodging
   331 | D:1      | Gained mutation: You are partially covered in molten scales (AC +1). [demonic ancestry]
   331 | D:1      | Reached XP level 2. HP: 24/24 MP: 3/3
   422 | D:1      | Reached * piety under Lugonu
  1136 | D:2      | Gained mutation: You are slightly more attuned to the shadows. [demonic ancestry]
  1136 | D:2      | Reached XP level 3. HP: 29/29 MP: 4/4
  1281 | D:2      | Found a snail-covered altar of Cheibriados.
  1783 | D:2      | Reached skill level 2 in Armour
  2089 | D:2      | Found a white marble altar of Elyvilon.
  2106 | D:2      | Gained mutation: You have a pair of small horns on your head. [demonic ancestry]
  2106 | D:2      | Reached XP level 4. HP: 27/37 MP: 5/5
  2515 | D:3      | Reached ** piety under Lugonu
  2636 | D:3      | Found a deep blue altar of Sif Muna.
  2811 | D:3      | Found an opulent altar of Gozag.
  2811 | D:3      | Found a sacrificial altar of Ru.
  2897 | D:3      | Reached skill level 1 in Stealth
  3155 | D:3      | Found a burning altar of Makhleb.
  3397 | D:4      | Gained mutation: You are mostly covered in molten scales (AC +3, EV -1). [demonic ancestry]
  3397 | D:4      | Reached XP level 5. HP: 29/42 MP: 6/6
  3576 | D:4      | Reached skill level 1 in Shields
  3651 | D:4      | Noticed a centaur
  3666 | D:4      | Killed a centaur
  3666 | D:4      | Reached skill level 3 in Armour
  4000 | D:4      | Reached XP level 6. HP: 47/48 MP: 7/7
  4127 | D:4      | Got a jewelled whip
  4128 | D:4      | Identified the +5 whip of Incongruity {freeze, MR+++ Int+9 Dex-2} (You found it on level 4 of the Dungeon)
  4396 | D:5      | Entered Level 5 of the Dungeon
  4402 | D:5      | Noticed Zeloya's ghost (novice KoAr)
  4436 | D:5      | Killed Zeloya's ghost
  4436 | D:5      | Reached skill level 4 in Armour
  4436 | D:5      | Reached XP level 7. HP: 38/55 MP: 8/8
  4719 | D:5      | Gained mutation: Your flesh is cold resistant. [mutagenic meat]
  4720 | D:5      | Gained mutation: You tend to lose your temper in combat. [mutagenic meat]
  4721 | D:5      | Gained mutation: You are resistant to electric shocks. [mutagenic meat]
  4730 | D:5      | Found a bloodstained altar of Trog.
  4812 | D:5      | Reached skill level 5 in Armour
  4848 | D:5      | Reached skill level 5 in Fighting
  4848 | D:5      | Gained mutation: You have a pair of horns on your head. [demonic ancestry]
  4848 | D:5      | Reached XP level 8. HP: 59/62 MP: 9/9
  4857 | D:5      | Reached *** piety under Lugonu
  5253 | D:5      | Found an oddly glowing altar of Pakellas.
  5253 | D:5      | Noticed an orange crystal statue
  5676 | D:6      | Reached skill level 6 in Armour
  5828 | D:6      | Found a shadowy altar of Dithmenos.
  6091 | D:6      | Reached **** piety under Lugonu
  6337 | D:6      | Reached skill level 5 in Axes
  6888 | D:7      | Found a staircase to the Ecumenical Temple.
  6901 | D:7      | Gained mutation: You are robust (+10% HP). [demonic ancestry]
  6901 | D:7      | Reached XP level 9. HP: 56/75 MP: 10/10
  7229 | D:7      | Found a shattered altar of Ashenzari.
  7747 | D:8      | Noticed a queen bee
  7760 | D:8      | Killed a queen bee
  7760 | D:8      | Reached skill level 7 in Armour
  7760 | D:8      | Reached skill level 5 in Shields
  8582 | D:8      | Found an iron altar of Okawaru.
  8627 | D:8      | Found Liomimul's Distillery.
  8632 | D:8      | Bought a potion of heal wounds for 65 gold pieces
  8632 | D:8      | Bought a potion of might for 52 gold pieces
  8632 | D:8      | Bought a potion of agility for 52 gold pieces
  8632 | D:8      | Bought a potion of haste for 130 gold pieces
  8905 | D:8      | Found an ancient bone altar of Kikubaaqudgha.
  8993 | D:9      | Found a radiant altar of Vehumet.
  9331 | D:8      | Gained mutation: You are completely covered in molten scales (AC +4, EV -1, rF+). [demonic ancestry]
  9331 | D:8      | Reached XP level 10. HP: 31/84 MP: 12/12
  9615 | D:9      | Found a staircase to the Orcish Mines.
  9748 | D:9      | Found a staircase to the Lair.
  9759 | D:9      | Reached ***** piety under Lugonu
  9767 | D:9      | Reached skill level 8 in Armour
  9772 | D:9      | HP: 3/84 [centaur/arrow (11)]
 10225 | D:9      | Noticed Prince Ribbit
 10254 | D:9      | Killed Prince Ribbit
 10412 | D:9      | Found an ancient bone altar of Kikubaaqudgha.
 10550 | D:9      | Found a blossoming altar of Fedhas.
 10584 | D:9      | Found a glowing silver altar of Zin.
 10585 | D:9      | Found a white marble altar of Elyvilon.
 10722 | D:9      | Noticed Joseph
 10743 | D:9      | Killed Joseph
 10945 | D:9      | Noticed a deep elf mage
 10954 | D:9      | Killed a deep elf mage
 11075 | D:9      | Reached skill level 9 in Armour
 11137 | Orc:1    | Entered Level 1 of the Orcish Mines
 11614 | Lair:1   | Entered Level 1 of the Lair of Beasts
 11786 | Lair:1   | Noticed a spiny frog
 11796 | Lair:1   | Killed a spiny frog
 11903 | Lair:1   | Noticed a spiny frog
 11914 | Lair:1   | Killed a spiny frog
 12035 | Lair:1   | Gained mutation: When hurt, damage is shared between your health and your magic reserves. [demonic ancestry]
 12035 | Lair:1   | Reached XP level 11. HP: 74/92 MP: 13/13
 12988 | Lair:2   | Noticed an eight-headed hydra
 12993 | Lair:2   | Banished an eight-headed hydra
 13311 | Lair:2   | Gained mutation: You possess an exceptional clarity of mind. [potion of beneficial mutation]
 13861 | Lair:3   | Reached skill level 10 in Armour
 15488 | Lair:3   | Noticed an eight-headed hydra
 15491 | Lair:3   | Banished an eight-headed hydra
 15614 | Lair:3   | Gained mutation: You are very robust (+20% HP). [demonic ancestry]
 15614 | Lair:3   | Reached XP level 12. HP: 70/112 MP: 13/15
 16244 | Lair:4   | Reached ****** piety under Lugonu
 16589 | Lair:4   | Found a staircase to the Swamp.
 16935 | Lair:5   | Reached skill level 11 in Armour
 17004 | Lair:5   | Found a frozen archway.
 17371 | Lair:5   | Identified a scroll of acquirement
 17502 | Lair:5   | Noticed Caphalor's ghost (journeyman DsMo)
 17538 | Lair:5   | Killed Caphalor's ghost
 18053 | Lair:5   | Got an ebony rapier
 18054 | Lair:5   | Identified the +5 rapier of Roigamal {speed, rN+ Int-2 Dex+9} (You found it on level 5 of the Lair of Beasts)
 18636 | Lair:6   | Found a staircase to the Snake Pit.
 19709 | Lair:7   | Reached skill level 10 in Axes
 19716 | Lair:7   | Gained mutation: You are extremely robust (+30% HP). [demonic ancestry]
 19716 | Lair:7   | Reached XP level 13. HP: 105/131 MP: 16/16
 20358 | Lair:8   | Entered Level 8 of the Lair of Beasts
 20511 | Lair:8   | Reached skill level 12 in Armour
 20963 | Lair:8   | Found a staircase to the Slime Pits.
 21328 | Lair:8   | Reached skill level 5 in Dodging
 22199 | Lair:8   | Reached skill level 5 in Invocations
 22425 | Lair:8   | Found a runed door.
 22548 | Lair:8   | Reached skill level 10 in Fighting
 22772 | Lair:8   | Reached skill level 10 in Shields
 23175 | Lair:8   | Gained mutation: You passively map a small area around you. [potion of mutation]
 23175 | Lair:8   | Gained mutation: Your magical capacity is low (-10% MP). [potion of mutation]
 23175 | Lair:8   | Gained mutation: Your spells are a little harder to cast, but a little more powerful. [potion of mutation]
 23522 | Lair:8   | Got a shimmering arbalest
 23523 | Lair:8   | Identified the +3 arbalest of the Walnut {flame, Int+7 Dex-3} (You found it on level 8 of the Lair of Beasts)
 23879 | Lair:8   | Noticed an acid blob
 24853 | Orc:1    | Reached skill level 13 in Armour
 24877 | Orc:1    | Found Milec's Armour Shoppe.
 24891 | Orc:1    | Bought a +2 pair of gloves of strength for 322 gold pieces
 25081 | Orc:2    | Entered Level 2 of the Orcish Mines
 25190 | Orc:2    | Found a staircase to the Elven Halls.
 25305 | Orc:2    | Noticed Donald
 25335 | Orc:2    | Killed Donald
 25335 | Orc:2    | Gained mutation: You have a pair of large horns on your head. [demonic ancestry]
 25335 | Orc:2    | Reached XP level 14. HP: 82/143 MP: 16/16
 26755 | Orc:2    | Found Guptuiji's Food Emporium.
 26764 | Orc:2    | Found Birien's Jewellery Shop.
 26771 | Orc:2    | Found Sichasai's General Store.
 26818 | Orc:2    | Bought a +2 amulet of reflection for 275 gold pieces
 26824 | Orc:2    | Bought 2 potions of curing for 102 gold pieces
 26827 | Orc:2    | Found Icre's Food Boutique.
 26993 | Orc:2    | Noticed an orc warlord
 27012 | Orc:2    | Paralysed by an orc sorcerer for 2 turns
 27049 | Orc:2    | Killed an orc warlord
 27583 | D:10     | Entered Level 10 of the Dungeon
 27664 | D:10     | Found a portal to a secret trove of treasure.
 28061 | D:10     | Found Tekoabbe's Magic Scroll Shoppe.
 28064 | D:10     | Bought a scroll of enchant armour for 97 gold pieces
 28064 | D:10     | Bought a scroll of enchant armour for 97 gold pieces
 28064 | D:10     | Bought a scroll of enchant armour for 97 gold pieces
 28066 | D:10     | Bought a scroll of teleportation for 39 gold pieces
 28066 | D:10     | Bought a scroll of teleportation for 39 gold pieces
 28066 | D:10     | Bought a scroll of blinking for 97 gold pieces
 28306 | D:11     | Found Tiekkust's Assorted Antiques.
 28332 | D:11     | Bought 2 lumpy orange potions for 68 gold pieces
 29995 | D:13     | Paralysed by a wizard for 6 turns
 30181 | D:13     | Paralysed by a wizard for 5 turns
 30196 | D:13     | Gained mutation: You regenerate magic rapidly. [demonic ancestry]
 30196 | D:13     | Reached XP level 15. HP: 131/154 MP: 15/17
 30361 | D:13     | Reached skill level 14 in Armour
 31030 | D:13     | Found a gate to the Vaults.
 31423 | D:13     | Found Xyepyemu's Gadget Boutique.
 32264 | D:15     | Entered Level 15 of the Dungeon
 32462 | D:15     | Found a staircase to the Depths.
 32834 | D:15     | Noticed Josephine
 32843 | D:15     | Killed Josephine
 34256 | Snake:1  | Entered Level 1 of the Snake Pit
 34257 | Snake:1  | Noticed a greater naga
 34272 | Snake:1  | Killed a greater naga
 34272 | Snake:1  | Reached XP level 16. HP: 155/165 MP: 18/18
 34417 | Snake:1  | Found Duipy's Assorted Antiques.
 34439 | Snake:1  | Found Patrepn's Assorted Antiques.
 34442 | Snake:1  | Bought a scroll of teleportation for 87 gold pieces
 34442 | Snake:1  | Bought a scroll of blinking for 217 gold pieces
 34454 | Snake:1  | Bought a scroll of enchant weapon for 217 gold pieces
 34508 | Snake:1  | Found Bofe's General Store.
 34526 | Snake:1  | Bought a scroll of blinking for 105 gold pieces
 34526 | Snake:1  | Bought a potion of curing for 42 gold pieces
 35096 | Snake:1  | Found Tiommef's Weapon Boutique.
 35652 | Snake:2  | Noticed Wiglaf
 35691 | Snake:2  | Killed Wiglaf
 36054 | Snake:2  | Noticed Kloppie's ghost (adept MiBe)
 36587 | Snake:2  | Killed Kloppie's ghost
 36899 | Snake:2  | Noticed Vashnia
 37108 | Snake:3  | Reached skill level 15 in Armour
 37965 | Snake:3  | Killed Vashnia
 38750 | Snake:2  | HP: 6/167 [naga mage/poison arrow (6)]
 39775 | Snake:2  | Noticed Aizul
 39810 | Snake:2  | Killed Aizul
 40666 | Snake:2  | Reached XP level 17. HP: 174/175 MP: 19/19
 41160 | Snake:2  | Noticed Nikola
 41201 | Snake:2  | Killed Nikola
 42072 | Snake:3  | Noticed Mara
 42074 | Snake:3  | Noticed Gargoyl's illusion
 42146 | Snake:3  | HP: 3/175 [Mara (illusionary)/bolt of fire (20)]
 42149 | Snake:3  | Killed from afar by Mara (illusionary)

Skill      XL: |  1  2  3  4  5  6  7  8  9 10 11 12 13 14 15 16 17 |
---------------+----------------------------------------------------+-----
Dodging        | 1 2 3 4 5 6 |  6.6
Axes           | 2 3 4 5 6 7 8 10 11 12 13 | 13.7
Armour         | 2 3 4 5 6 7 9 10 11 13 14 15 | 15.6
Stealth        | 1 |  1.6
Fighting       | 4 5 6 7 8 9 10 11 12 | 12.9
Shields        | 1 2 4 5 7 9 10 11 12 13 14 | 14.2
Invocations    | 3 4 5 6 |  6.4

Action                   |  1- 3 |  4- 6 |  7- 9 | 10-12 | 13-15 | 16-18 || total
-------------------------+-------+-------+-------+-------+-------+-------++-------
Melee: War axe           |   114 |   196 |   597 |   961 |  1745 |   725 ||  4338
       Headbutt          |       |    33 |   109 |   171 |   393 |   165 ||   871
Invok: Depart the Abyss  |     1 |       |       |       |       |       ||     1
       Banish            |       |       |     3 |     4 |    15 |     1 ||    23
       Bend Space        |       |       |       |       |     2 |     1 ||     3
  Use: Scroll            |       |     2 |     3 |    30 |    15 |     6 ||    56
       Potion            |       |     1 |       |    11 |     9 |     7 ||    28
 Stab: Sleeping          |     1 |     2 |       |       |       |       ||     3
       Distracted        |       |       |       |       |       |     1 ||     1
  Eat: Chunk             |     4 |     8 |    19 |    17 |    10 |     1 ||    59
       Royal jelly       |       |       |     3 |     5 |     2 |       ||    10
       Fruit             |       |       |       |    10 |     8 |       ||    18
       Pizza             |       |       |       |     2 |     1 |     3 ||     6
       Beef jerky        |       |       |       |     1 |     4 |     4 ||     9
       Bread ration      |       |       |       |       |     8 |     3 ||    11
Armor: Leather armour    |    25 |       |       |       |       |       ||    25
       Ring mail         |    22 |     2 |       |       |       |       ||    24
       Chain mail        |       |   115 |   435 |       |       |       ||   550
       Scale mail        |       |     2 |       |       |       |       ||     2
       Plate armour      |       |       |       |   661 |   826 |   323 ||  1810
Dodge: Dodged            |    64 |    72 |   374 |   443 |   664 |   295 ||  1912
Block: Shield            |    32 |    91 |   398 |   632 |  1407 |   732 ||  3292
       Reflection        |       |       |       |       |    63 |    91 ||   154
